[Event "Netanya Open 2019"]
[Site "Netanya"]
[Date "2019.06.26"]
[Round "4.47"]
[White "Levin, Guy"]
[Black "Fudim, Ariel"]
[Result "1-0"]
[WhiteElo "2052"]
[BlackElo "1768"]
[PlyCount "97"]
[EventDate "2019.06.23"]
[EventType "swiss"]
[EventRounds "9"]
[EventCountry "ISR"]
[TimeControl "40/5400+30:1800+30"]

1. e4 c5 2. Nc3 g6 3. g3 Bg7 4. Bg2 Nc6 5. d3 d6 6. Be3 e6 7. Qd2 Nge7 8. Bh6 O-O 9. h4 f6 10. Bxg7 Kxg7 11. h5 g5 12. h6+ Kh8 13. Nge2 Nd4 14. Nd1 g4 15. Ne3 Nf3+ 16. Bxf3 gxf3 17. Ng1 d5 18. Nxf3 dxe4 19. dxe4 Qxd2+ 20. Nxd2 Bd7 21. O-O-O Bc6 22. Rh5 b6 23. e5 Be8 24. Rh2 fxe5 25. Ng4 Rf5 26. Re1 Nc6 27. Nc4 Rd8 28. Ngxe5 b5 29. Nxc6 Bxc6 30. Ne5 Bd5 31. f4 Kg8 32. Rh4 Kh8 33. Rh2 Rg8 34. Re3 a5 35. b3 b4 36. c4 bxc3 37. Rxc3 Rc8 38. Rhc2 Rg8 39. Rxc5 Rxg3 40. Rxa5 Rxf4 41. Rc8+ Rg8 42. Rxg8+ Kxg8 43. Ra7 Rf2 44. Rg7+ Kf8 45. Rxh7 Rxa2 46. Rf7+ Ke8 47. h7 Rh2 48. Rg7 Rh1+ 49. Kb2 1-0

[Event "Netanya Open 2019"]
[Site "Netanya"]
[Date "2019.06.26"]
[Round "4.48"]
[White "Yusupoff, Yoav"]
[Black "Ben Ari, Yannay"]
[Result "0-1"]
[WhiteElo "1874"]
[BlackElo "2049"]
[PlyCount "150"]
[EventDate "2019.06.23"]
[EventType "swiss"]
[EventRounds "9"]
[EventCountry "ISR"]
[TimeControl "40/5400+30:1800+30"]

1. c4 e6 2. Nc3 Nf6 3. e4 d5 4. e5 d4 5. exf6 dxc3 6. bxc3 Qxf6 7. d4 e5 8. Nf3 Nc6 9. Bg5 Qg6 10. Bd3 e4 11. Qe2 f5 12. O-O Be7 13. Bxe7 exf3 14. Qxf3 Nxe7 15. Rfe1 Qf6 16. Qd5 Qd6 17. Qb5+ c6 18. Qb3 c5 19. Qb5+ Bd7 20. Qxb7 Rb8 21. Qxa7 O-O 22. dxc5 Qxd3 23. Rad1 Qxc3 24. Rxe7 Bc6 25. h4 Rbe8 26. Rxe8 Rxe8 27. Qc7 Re1+ 28. Rxe1 Qxe1+ 29. Kh2 Qe4 30. Qd8+ Qe8 31. Qd6 h6 32. f3 Kh7 33. a3 Bb7 34. Kg3 Qg6+ 35. Kf2 Qe8 36. Qc7 Bc6 37. Qd6 Kg8 38. Qf4 Qe6 39. Qd4 Kf7 40. Qf4 Qf6 41. h5 Bd7 42. Qd2 Qh4+ 43. Kg1 Be6 44. Qb4 Qd4+ 45. Kh1 Qxc4 46. Qb7+ Kf6 47. Qb2+ Kf7 48. Qb7+ Kf6 49. Qb2+ Kf7 50. Qb7+ Kg8 51. c6 Qc1+ 52. Kh2 Qxa3 53. Qb8+ Kf7 54. Qb7+ Kf6 55. c7 Qc5 56. f4 Qc1 57. g3 Qc2+ 58. Kg1 Qc5+ 59. Kh2 Qf2+ 60. Kh3 Qf1+ 61. Kh2 Qe2+ 62. Kg1 Qe3+ 63. Kh2 Qc5 64. Qb2+ Kf7 65. Qb7 Kg8 66. Qb8+ Qf8 67. Qd8 Kf7 68. Kg2 Qc5 69. Kh2 Qc6 70. Qb8 Qc2+ 71. Kg1 Bd5 72. Kf1 Qd1+ 73. Kf2 Qd2+ 74. Kf1 Bc4+ 75. Kg1 Qe1+ 0-1

[Event "Netanya Open 2019"]
[Site "Netanya"]
[Date "2019.06.26"]
[Round "4.49"]
[White "Zhimalov, Adam"]
[Black "Zoabi, Jihad"]
[Result "1/2-1/2"]
[WhiteElo "2044"]
[BlackElo "1788"]
[PlyCount "99"]
[EventDate "2019.06.23"]
[EventType "swiss"]
[EventRounds "9"]
[EventCountry "ISR"]
[TimeControl "40/5400+30:1800+30"]

1. d4 Nf6 2. c4 g6 3. Nc3 Bg7 4. e4 d6 5. Nf3 O-O 6. h3 e5 7. d5 Nbd7 8. Be3 Nc5 9. Nd2 a5 10. g4 c6 11. Be2 Bd7 12. g5 Ne8 13. h4 f5 14. f3 a4 15. b4 axb3 16. Nxb3 b6 17. Rb1 Ra3 18. Qd2 Nc7 19. Nxc5 bxc5 20. Rb3 Rxb3 21. axb3 cxd5 22. cxd5 Qb8 23. Bc4 Qb4 24. O-O Ra8 25. Qb2 Rb8 26. Rb1 Qb7 27. Qc2 Bf8 28. Rf1 f4 29. Bf2 Be7 30. Bxc5 dxc5 31. d6+ Ne6 32. dxe7 Kg7 33. Bxe6 Bxe6 34. Qd2 Qxe7 35. Nd5 Qd7 36. Qc3 Qd6 37. Rc1 Bf7 38. Rd1 Rb4 39. Rc1 Bxd5 40. exd5 Qxd5 41. Qxc5 Qxc5+ 42. Rxc5 Rxb3 43. Rxe5 Rxf3 44. Re7+ Kg8 45. Kg2 Rg3+ 46. Kh2 Rg4 47. Kh3 f3 48. Re1 f2 49. Rf1 Rf4 50. Kg3 1/2-1/2

[Event "Netanya Open 2019"]
[Site "Netanya"]
[Date "2019.06.26"]
[Round "4.50"]
[White "Regenbogen, Yoseph"]
[Black "Freidles, Victor"]
[Result "1-0"]
[WhiteElo "1806"]
[BlackElo "2040"]
[PlyCount "99"]
[EventDate "2019.06.23"]
[EventType "swiss"]
[EventRounds "9"]
[EventCountry "ISR"]
[TimeControl "40/5400+30:1800+30"]

1. c4 e6 2. d4 f5 3. Nc3 Nf6 4. Nf3 d5 5. cxd5 exd5 6. Bf4 c6 7. e3 Bd6 8. Bxd6 Qxd6 9. Bd3 O-O 10. O-O Ne4 11. Ne5 Nd7 12. f4 Ndf6 13. Be2 a5 14. a3 Nxc3 15. bxc3 b5 16. Re1 Bd7 17. Bf3 Rfb8 18. Qb3 Be6 19. Re2 h6 20. g3 Kh7 21. Qc2 Kg8 22. h3 c5 23. g4 Ne4 24. Rg2 b4 25. axb4 axb4 26. Rxa8 Rxa8 27. cxb4 cxb4 28. Qb2 Ra3 29. Re2 Nc3 30. Re1 Ra2 31. Qb3 Ra3 32. Qb2 Na4 33. Qb1 Nc3 34. Qb2 fxg4 35. hxg4 Na4 36. Qb1 b3 37. f5 b2 38. fxe6 Ra1 39. Qxa1 bxa1=Q 40. Rxa1 Nb6 41. Rc1 Kf8 42. Rc6 Qb4 43. Rxb6 Qe1+ 44. Kg2 Qd2+ 45. Kg3 Qxe3 46. Rd6 Ke7 47. Rxd5 Kxe6 48. Rd7 g5 49. d5+ Kf6 50. Rf7+ 1-0

[Event "Netanya Open 2019"]
[Site "Netanya"]
[Date "2019.06.26"]
[Round "4.51"]
[White "Cohen Revivo, Alon"]
[Black "Ribstein, Orel"]
[Result "1-0"]
[WhiteElo "2030"]
[BlackElo "1697"]
[PlyCount "63"]
[EventDate "2019.06.23"]
[EventType "swiss"]
[EventRounds "9"]
[EventCountry "ISR"]
[TimeControl "40/5400+30:1800+30"]

1. d4 d6 2. c4 g6 3. Nc3 Bg7 4. e4 Nf6 5. f4 O-O 6. Nf3 c5 7. d5 e6 8. Be2 exd5 9. cxd5 Bg4 10. O-O Nbd7 11. Re1 Re8 12. Bf1 a6 13. a4 Nh5 14. h3 Bxf3 15. Qxf3 Qh4 16. Be3 Bh6 17. Ne2 Ng7 18. g4 Re7 19. Bg2 f5 20. Bf2 Qf6 21. g5 Bxg5 22. fxg5 Qxg5 23. Qf4 Qxf4 24. Nxf4 g5 25. Ne6 Nxe6 26. dxe6 Rxe6 27. exf5 Rf6 28. Bxb7 Rb8 29. Bd5+ Kf8 30. b3 Nb6 31. Be6 Rc8 32. a5 1-0

[Event "Netanya Open 2019"]
[Site "Netanya"]
[Date "2019.06.26"]
[Round "4.52"]
[White "Zilbershtein, Victor"]
[Black "Tartakovsky, Daniel"]
[Result "0-1"]
[WhiteElo "1756"]
[BlackElo "2021"]
[PlyCount "90"]
[EventDate "2019.06.23"]
[EventType "swiss"]
[EventRounds "9"]
[EventCountry "ISR"]
[TimeControl "40/5400+30:1800+30"]

1. d4 Nf6 2. Nf3 g6 3. c4 Bg7 4. Nc3 d5 5. e3 O-O 6. Bd3 c5 7. O-O cxd4 8. exd4 Nc6 9. h3 Nb4 10. c5 Nxd3 11. Qxd3 Bf5 12. Qe3 h5 13. Nh4 Bd7 14. b4 e6 15. Nf3 Ne4 16. a4 Be8 17. Bb2 f5 18. Nxe4 dxe4 19. Ne5 Bxe5 20. dxe5 Bc6 21. Qh6 Qe8 22. Rfd1 Qf7 23. b5 Bd5 24. Rd2 Qg7 25. Qxg7+ Kxg7 26. Rad1 Kf7 27. Rc1 Rac8 28. Ba3 Rg8 29. a5 g5 30. Kh2 h4 31. Rdc2 g4 32. c6 bxc6 33. bxc6 g3+ 34. Kg1 gxf2+ 35. Kxf2 e3+ 36. Ke1 Rxg2 37. c7 Rg3 38. Rc3 Rxh3 39. Bd6 f4 40. Rc4 Bxc4 41. Rxc4 f3 42. Rf4+ Ke8 43. Kd1 Rh1+ 44. Kc2 e2 45. Rf6 e1=Q 0-1

[Event "Netanya Open 2019"]
[Site "Netanya"]
[Date "2019.06.26"]
[Round "4.53"]
[White "Gov, Guy"]
[Black "Sobel, Ido"]
[Result "1-0"]
[WhiteElo "2006"]
[BlackElo "1606"]
[PlyCount "123"]
[EventDate "2019.06.23"]
[EventType "swiss"]
[EventRounds "9"]
[EventCountry "ISR"]
[TimeControl "40/5400+30:1800+30"]

1. Nf3 Nf6 2. b3 Nc6 3. e3 e5 4. d4 e4 5. Nfd2 Ne7 6. c4 c6 7. Nc3 d5 8. cxd5 cxd5 9. Ba3 a6 10. Be2 Qa5 11. Qc1 Bd7 12. Qb2 b5 13. Bc5 Bg4 14. Bxg4 Nxg4 15. Bxe7 Bxe7 16. Nxd5 Bd6 17. h3 Nf6 18. Qc3 Qxc3 19. Nxc3 Bb4 20. Ne2 Rc8 21. a3 Bd6 22. Ra2 Kd7 23. b4 Rhe8 24. Nb3 Nd5 25. Nc5+ Kc6 26. Rc2 Kb6 27. Nc3 Nxc3 28. Rxc3 Bxc5 29. dxc5+ Kc6 30. Ke2 Rcd8 31. f3 Re5 32. fxe4 Rxe4 33. Rf1 f6 34. Rf4 Re7 35. Rd3 Rxd3 36. Kxd3 a5 37. Re4 Ra7 38. Re6+ Kd7 39. Rb6 axb4 40. axb4 Ra3+ 41. Ke4 Kc7 42. Rxb5 Rb3 43. g4 Kc8 44. Rb6 Kc7 45. h4 Kc8 46. h5 Rb1 47. Kd5 Rg1 48. h6 Rxg4 49. hxg7 Rxg7 50. Rxf6 Re7 51. e4 Rd7+ 52. Rd6 Rb7 53. Kc4 Re7 54. Kd3 Rb7 55. Rb6 Rd7+ 56. Ke3 Re7 57. b5 Rd7 58. Rh6 Re7 59. b6 Kb7 60. Kd4 Rd7+ 61. Rd6 Rg7 62. e5 1-0

[Event "Netanya Open 2019"]
[Site "Netanya"]
[Date "2019.06.26"]
[Round "4.54"]
[White "Kharlamov, Igor"]
[Black "Kadosh, Lior"]
[Result "1-0"]
[WhiteElo "2019"]
[BlackElo "1649"]
[PlyCount "79"]
[EventDate "2019.06.23"]
[EventType "swiss"]
[EventRounds "9"]
[EventCountry "ISR"]
[TimeControl "40/5400+30:1800+30"]

1. d4 Nf6 2. Nf3 e6 3. c4 c5 4. e3 cxd4 5. exd4 d6 6. Nc3 Nbd7 7. Bd3 g6 8. Bf4 Nh5 9. Bg5 Qb6 10. O-O Bg7 11. Ne4 Nhf6 12. c5 dxc5 13. dxc5 Qb4 14. Bd2 Qxb2 15. Nd6+ Ke7 16. Nc4 Qb5 17. Nd4 Qxc5 18. Nb3 Qd5 19. Bb4+ Kd8 20. Nd6 Ne5 21. Be2 Ne8 22. Qc2 Qc6 23. Qd2 Nxd6 24. Bxd6 Bd7 25. Na5 Qe4 26. f3 Qh4 27. Rad1 Bh6 28. f4 Nc6 29. Nxc6+ Bxc6 30. Be5+ Bd5 31. Bxh8 f6 32. g3 Qh3 33. Bxf6+ Ke8 34. Bf3 Bxf3 35. Qd7+ Kf8 36. Qe7+ Kg8 37. Rxf3 Bf8 38. Qc7 Qf5 39. Qc3 Qe4 40. Re3 1-0

[Event "Netanya Open 2019"]
[Site "Netanya"]
[Date "2019.06.26"]
[Round "4.55"]
[White "Lifshits, Raz"]
[Black "Stolyarsky, Yegor"]
[Result "1-0"]
[WhiteElo "1749"]
[BlackElo "2017"]
[PlyCount "80"]
[EventDate "2019.06.23"]
[EventType "swiss"]
[EventRounds "9"]
[EventCountry "ISR"]
[TimeControl "40/5400+30:1800+30"]

1. e4 e5 2. Nf3 Nc6 3. Bc4 Bc5 4. c3 Nf6 5. d3 d6 6. Nbd2 Bb6 7. O-O Ne7 8. Bb3 c6 9. Re1 O-O 10. Nf1 h6 11. Ng3 Ng6 12. h3 d5 13. d4 dxe4 14. Nxe5 Nxe5 15. dxe5 Nd5 16. Rxe4 Be6 17. Qh5 f5 18. Re1 f4 19. Ne4 Rf5 20. Qf3 Rxe5 21. c4 Nb4 22. Bxf4 Rf5 23. c5 Bxb3 24. Qxb3+ Nd5 25. Bg3 Ba5 26. Rec1 Bc7 27. Qxb7 Bxg3 28. Nxg3 Rf6 29. Ne4 Rg6 30. Nd6 Kh7 31. Rc4 Qf8 32. Qxc6 Nf4 33. Rxf4 Qxf4 34. Qxa8 Qd4 35. Qe4 Qxc5 36. Nf5 Rf6 37. Ne7+ g6 38. Qe3 Qb4 39. Nd5 Qxb2 40. Nxf6+ Qxf6 1-0

[Event "Netanya Open 2019"]
[Site "Netanya"]
[Date "2019.06.26"]
[Round "4.56"]
[White "Sobel, Alon"]
[Black "Iliaguev, Daniel"]
[Result "1-0"]
[WhiteElo "1704"]
[BlackElo "2007"]
[PlyCount "123"]
[EventDate "2019.06.23"]
[EventType "swiss"]
[EventRounds "9"]
[EventCountry "ISR"]
[TimeControl "40/5400+30:1800+30"]

1. d4 Nf6 2. c4 e6 3. Nc3 Bb4 4. Qc2 d5 5. cxd5 Qxd5 6. Nf3 Qf5 7. Qxf5 exf5 8. Bd2 c6 9. e3 O-O 10. Bd3 Re8 11. O-O g6 12. Rac1 Bd6 13. Rfd1 Nbd7 14. a3 Ne4 15. Be1 Ndf6 16. Bc4 Nxc3 17. Rxc3 Be6 18. Bxe6 Rxe6 19. Rb3 Re7 20. Nd2 f4 21. e4 Nxe4 22. Nxe4 Rxe4 23. Rxb7 Rae8 24. Bc3 f3 25. g3 c5 26. dxc5 Bxc5 27. Rbd7 Re2 28. Rf1 g5 29. Rd5 Be7 30. Rf5 g4 31. h3 gxh3 32. Rxf3 Bc5 33. Rf5 Rc8 34. Rg5+ Kf8 35. Rxc5 Rxc5 36. Bb4 Rec2 37. Kh2 a5 38. Bxc5+ Rxc5 39. b4 axb4 40. axb4 Rc2 41. Rb1 Rxf2+ 42. Kxh3 Rf6 43. Kg4 Ke7 44. Rb3 Rb6 45. Kf5 Rb5+ 46. Ke4 Kf6 47. Kd4 Kg5 48. Kc4 Rb8 49. b5 f5 50. Kc5 h5 51. Rb4 Rc8+ 52. Kd6 Rb8 53. Kc6 Rc8+ 54. Kd6 Rb8 55. b6 f4 56. gxf4+ Kf5 57. Kc7 Rh8 58. b7 Rh7+ 59. Kc6 Rh8 60. Ra4 Rb8 61. Ra8 Rxb7 62. Rf8+ 1-0

[Event "Netanya Open 2019"]
[Site "Netanya"]
[Date "2019.06.26"]
[Round "4.57"]
[White "Uritsky, Yonathan"]
[Black "Kopaloff, Liam"]
[Result "1-0"]
[WhiteElo "1981"]
[BlackElo "1545"]
[PlyCount "97"]
[EventDate "2019.06.23"]
[EventType "swiss"]
[EventRounds "9"]
[EventCountry "ISR"]
[TimeControl "40/5400+30:1800+30"]

1. c4 Nf6 2. Nc3 c5 3. Nf3 Nc6 4. d4 cxd4 5. Nxd4 g6 6. g3 Bg7 7. Bg2 O-O 8. O-O d6 9. Nxc6 bxc6 10. Bxc6 Rb8 11. Qa4 a5 12. a3 Nd7 13. Bxd7 Bxd7 14. Qc2 Rc8 15. Qd3 Bxc3 16. Qxc3 f6 17. b3 a4 18. Bh6 Rf7 19. Be3 Be6 20. Rfc1 Qc7 21. bxa4 Bxc4 22. a5 d5 23. a6 Ra8 24. a7 e5 25. Qb4 Qb7 26. Qd6 Rxa7 27. Bxa7 Qxa7 28. e3 Kg7 29. a4 Rb7 30. a5 Rb5 31. Rcb1 Rxb1+ 32. Rxb1 Qxa5 33. Qe7+ Kh6 34. Qxf6 Qa6 35. Qxe5 Bd3 36. Qf4+ Kg7 37. Qd4+ Kh6 38. Rb6 Qc4 39. Qf4+ Qxf4 40. gxf4 Be4 41. h3 Kh5 42. Kh2 Kh4 43. Rd6 Bf3 44. f5 gxf5 45. Rh6+ Kg5 46. Rxh7 Kg6 47. Rd7 Be4 48. Kg3 Kg5 49. f3 1-0

[Event "Netanya Open 2019"]
[Site "Netanya"]
[Date "2019.06.26"]
[Round "4.58"]
[White "Feldman, Antony"]
[Black "Neeman, Ori"]
[Result "1-0"]
[ECO "C26"]
[WhiteElo "1972"]
[BlackElo "1285"]
[PlyCount "109"]
[EventDate "2019.06.23"]
[EventType "swiss"]
[EventRounds "9"]
[EventCountry "ISR"]
[TimeControl "40/5400+30:1800+30"]

1. e4 e5 2. Nc3 Nf6 3. g3 d6 4. Bg2 Be6 5. Nge2 Qd7 6. O-O Bh3 7. d4 Nc6 8. d5 Ne7 9. Qd3 a6 10. Bxh3 Qxh3 11. f3 h6 12. Be3 g5 13. Nd1 g4 14. Nf2 Qh5 15. f4 Ng6 16. Qc3 Rc8 17. Kg2 Bg7 18. f5 Ne7 19. Qd3 Nh7 20. Nc3 Ng5 21. Qd1 Ng8 22. Qxg4 Qxg4 23. Nxg4 Nf6 24. Nxf6+ Bxf6 25. a4 Kd7 26. a5 Rb8 27. Ra3 Ra8 28. Rb3 Rhb8 29. h4 Nh7 30. Bxh6 b6 31. axb6 cxb6 32. Kh3 b5 33. Ra1 b4 34. Ne2 Rc8 35. Rxb4 Rxc2 36. Nc3 Bd8 37. Rb7+ Bc7 38. Rb3 Rg8 39. Rxa6 Nf6 40. Bg5 Nh5 41. f6 Rg6 42. Ra7 Nxf6 43. Bxf6 Rxf6 44. Rbb7 Ke8 45. Rxc7 Kf8 46. Rc8+ Kg7 47. Raa8 Rc1 48. Nb5 Rh1+ 49. Kg4 Rf2 50. Nxd6 Rg1 51. Nf5+ Rxf5 52. Kxf5 Rf1+ 53. Kxe5 Kg6 54. Rg8+ Kh5 55. Rg5+ 1-0

[Event "Netanya Open 2019"]
[Site "Netanya"]
[Date "2019.06.26"]
[Round "4.59"]
[White "Neeman, Gal"]
[Black "Neiman, Maks"]
[Result "0-1"]
[WhiteElo "1661"]
[BlackElo "1954"]
[PlyCount "79"]
[EventDate "2019.06.23"]
[EventType "swiss"]
[EventRounds "9"]
[EventCountry "ISR"]
[TimeControl "40/5400+30:1800+30"]

1. d4 Nf6 2. Nf3 g6 3. Nbd2 d5 4. e3 Bg7 5. b4 O-O 6. c4 b6 7. c5 a5 8. Ba3 axb4 9. Bxb4 bxc5 10. Bxc5 Na6 11. Nb3 Ne4 12. Qc2 Bf5 13. Bd3 Nexc5 14. Nxc5 Bxd3 15. Nxd3 c5 16. O-O c4 17. Nf4 Qd6 18. Rfd1 Rfb8 19. a3 e6 20. Ne2 Rb3 21. Nc3 Rab8 22. Rdb1 Qb6 23. Nd2 Rb2 24. Rxb2 Qxb2 25. Ra2 Qb6 26. Ra1 Qa5 27. Rb1 Qxa3 28. Rxb8+ Nxb8 29. Ndb1 Qb4 30. Kf1 Nc6 31. Qa2 Bf8 32. Ke2 Qb6 33. Qd2 Qb3 34. Qc1 Bb4 35. Qd1 Qb2+ 36. Qd2 Qa1 37. Qe1 Na7 38. Qd2 Nb5 39. Qa2 Nxc3+ 40. Nxc3 0-1

[Event "Netanya Open 2019"]
[Site "Netanya"]
[Date "2019.06.26"]
[Round "4.60"]
[White "Ehrlich, Roy"]
[Black "Lomakin, Vladimir"]
[Result "1-0"]
[WhiteElo "1938"]
[BlackElo "1430"]
[PlyCount "53"]
[EventDate "2019.06.23"]
[EventType "swiss"]
[EventRounds "9"]
[EventCountry "ISR"]
[TimeControl "40/5400+30:1800+30"]

1. e4 e5 2. Nc3 Nc6 3. g3 Nf6 4. Bg2 Bc5 5. Nge2 d6 6. h3 O-O 7. O-O a6 8. Kh2 Be6 9. f4 exf4 10. d4 fxg3+ 11. Kxg3 Nxd4 12. Nxd4 Bc4 13. Re1 Qd7 14. Bg5 h6 15. Bxf6 gxf6 16. Nb3 Bxb3 17. axb3 d5 18. Qg4+ Qxg4+ 19. hxg4 Bd6+ 20. Kh3 d4 21. Nd5 Be5 22. Nb4 c5 23. Nd3 Rac8 24. Ra5 Bd6 25. e5 fxe5 26. Bxb7 Rce8 27. Rxa6 1-0

[Event "Netanya Open 2019"]
[Site "Netanya"]
[Date "2019.06.26"]
[Round "4.61"]
[White "Reches, Omer"]
[Black "Mizrahi, Ido"]
[Result "0-1"]
[ECO "B12"]
[WhiteElo "1720"]
[BlackElo "2101"]
[PlyCount "68"]
[EventDate "2019.06.23"]
[EventType "swiss"]
[EventRounds "9"]
[EventCountry "ISR"]
[TimeControl "40/5400+30:1800+30"]

1. e4 c6 2. d4 d5 3. e5 Bf5 4. h4 Qb6 5. Nc3 a6 6. g4 Bd7 7. Na4 Qc7 8. Nc5 e6 9. Nxd7 Nxd7 10. Bd3 c5 11. c3 h5 12. Bg5 Be7 13. Nh3 O-O-O 14. Bxe7 Nxe7 15. g5 Nc6 16. Be2 cxd4 17. cxd4 Qa5+ 18. Kf1 Qb6 19. Rc1 Kb8 20. Nf4 Nxd4 21. Nd3 Rc8 22. Rxc8+ Rxc8 23. Bxh5 g6 24. Bg4 Nc5 25. Nxc5 Rxc5 26. b3 Rc2 27. h5 gxh5 28. Bxh5 Qc5 29. b4 Qc4+ 30. Kg2 Nf5 31. Rh3 Qe4+ 32. Kg1 Rb2 33. Qf3 Qe1+ 34. Kg2 Rb1 0-1

[Event "Netanya Open 2019"]
[Site "Netanya"]
[Date "2019.06.26"]
[Round "4.62"]
[White "Vagman, Roy"]
[Black "Scheinfeild, Michael"]
[Result "1-0"]
[WhiteElo "1918"]
[BlackElo "1582"]
[PlyCount "85"]
[EventDate "2019.06.23"]
[EventType "swiss"]
[EventRounds "9"]
[EventCountry "ISR"]
[TimeControl "40/5400+30:1800+30"]

1. e4 d6 2. d4 c6 3. Nc3 Nf6 4. Nf3 Bg4 5. h3 Bh5 6. Be3 Qc7 7. Be2 Nbd7 8. Qd2 e5 9. O-O Bxf3 10. Bxf3 Be7 11. Be2 O-O 12. f4 b5 13. Bf3 Rad8 14. Ne2 Nb6 15. b3 c5 16. d5 Nfd7 17. f5 c4 18. g4 f6 19. h4 Rc8 20. Rac1 Qd8 21. Kh2 Nc5 22. Rg1 cxb3 23. cxb3 Qe8 24. g5 fxg5 25. hxg5 Kh8 26. Rg3 g6 27. f6 Bd8 28. Rh3 Rf7 29. Bxc5 dxc5 30. Bg4 Rcc7 31. Be6 c4 32. Bxf7 Rxf7 33. Ng1 Qd7 34. Nf3 Bc7 35. Rh1 Nxd5 36. Qxd5 Qxd5 37. exd5 e4+ 38. Kg2 exf3+ 39. Rxf3 Kg8 40. Re1 Bd6 41. Re6 Rd7 42. f7+ Kf8 43. Re8+ 1-0

[Event "Netanya Open 2019"]
[Site "Netanya"]
[Date "2019.06.26"]
[Round "4.63"]
[White "Lazebnikov, Efim"]
[Black "Tsirilman, Guy"]
[Result "0-1"]
[ECO "A01"]
[WhiteElo "1444"]
[BlackElo "1798"]
[PlyCount "62"]
[EventDate "2019.06.23"]
[EventType "swiss"]
[EventRounds "9"]
[EventCountry "ISR"]
[TimeControl "40/5400+30:1800+30"]

1. b3 d6 2. Bb2 Nd7 3. g3 Ngf6 4. Bg2 g6 5. c4 Bg7 6. Nc3 O-O 7. Qc2 c6 8. e3 e5 9. Nge2 Re8 10. O-O Qe7 11. Rad1 h5 12. h4 Nf8 13. d4 e4 14. Ba3 Bg4 15. Rde1 N8h7 16. Nf4 g5 17. hxg5 Nxg5 18. b4 h4 19. gxh4 Nf3+ 20. Bxf3 Bxf3 21. Nce2 Ng4 22. Ng2 Qf6 23. Nef4 Bh6 24. Bc1 Kh7 25. Nh5 Qg6 26. Ng3 f5 27. Nf4 Bxf4 28. exf4 Qf6 29. Nxf5 Qxf5 30. Re3 Nxe3 31. fxe3 Qg4+ 0-1

[Event "Netanya Open 2019"]
[Site "Netanya"]
[Date "2019.06.26"]
[Round "4.64"]
[White "Lisnovetzky, Daniel"]
[Black "Zaromb, Charles Irving"]
[Result "0-1"]
[WhiteElo "1320"]
[BlackElo "1738"]
[PlyCount "76"]
[EventDate "2019.06.23"]
[EventType "swiss"]
[EventRounds "9"]
[EventCountry "ISR"]
[TimeControl "40/5400+30:1800+30"]

1. d4 Nf6 2. Bf4 e6 3. e3 c5 4. c3 d5 5. Nd2 Qb6 6. Rb1 Nc6 7. Bd3 Bd7 8. Ngf3 Be7 9. Ne5 Rc8 10. Qf3 h6 11. h4 Nxe5 12. dxe5 Ne4 13. Nxe4 dxe4 14. Bxe4 Bc6 15. Bxc6+ Qxc6 16. Qg3 g6 17. Qg4 Kd7 18. O-O Rcg8 19. Bh2 h5 20. Qd1+ Kc8 21. f4 Bxh4 22. Qd6 Qc7 23. b4 Rd8 24. Qxc7+ Kxc7 25. Rfd1 Rxd1+ 26. Rxd1 Rd8 27. Rxd8 Bxd8 28. Kf1 Kc6 29. Ke2 cxb4 30. cxb4 Kb5 31. a3 Kc4 32. Bg1 b5 33. e4 Bb6 34. Bxb6 axb6 35. g3 Kb3 36. Kd3 Kxa3 37. Kc3 Ka4 38. f5 g5 0-1

[Event "Netanya Open 2019"]
[Site "Netanya"]
[Date "2019.06.26"]
[Round "4.65"]
[White "Friedland, Benzi"]
[Black "Schnaidman, Itzhak"]
[Result "0-1"]
[WhiteElo "1189"]
[BlackElo "1474"]
[PlyCount "66"]
[EventDate "2019.06.23"]
[EventType "swiss"]
[EventRounds "9"]
[EventCountry "ISR"]
[TimeControl "40/5400+30:1800+30"]

1. e4 e5 2. Nf3 Nc6 3. Bc4 Nf6 4. d4 exd4 5. Nxd4 Bc5 6. Nxc6 bxc6 7. Nc3 O-O 8. e5 Qe7 9. Bf4 d5 10. Be2 Nd7 11. O-O Nxe5 12. Re1 Qf6 13. Bg3 Bf5 14. Kh1 Bd6 15. Rf1 Rab8 16. f4 Ng6 17. Bd3 Rb4 18. Qc1 Rfb8 19. Rb1 Bxd3 20. cxd3 Qf5 21. Rf3 h5 22. Ne2 h4 23. Be1 h3 24. g3 Qg4 25. Ng1 Bxf4 26. Bd2 Bxd2 27. Qxd2 Qd4 28. b3 Ne5 29. Re3 Nc4 30. bxc4 Rxb1 31. Qf2 Qa1 32. Re7 Rxg1+ 33. Qxg1 Rb1 0-1

[Event "Netanya Open 2019"]
[Site "Netanya"]
[Date "2019.06.26"]
[Round "4.66"]
[White "Kinberg, Raz"]
[Black "Mendler, Omer"]
[Result "1-0"]
[ECO "C23"]
[WhiteElo "1385"]
[BlackElo "1231"]
[PlyCount "63"]
[EventDate "2019.06.23"]
[EventType "swiss"]
[EventRounds "9"]
[EventCountry "ISR"]
[TimeControl "40/5400+30:1800+30"]

1. e4 e5 2. Bc4 Nc6 3. Ne2 Nf6 4. d3 h6 5. O-O Bc5 6. Nbc3 O-O 7. a3 d6 8. Na4 Bb6 9. Nxb6 axb6 10. f4 Bg4 11. c3 Nh5 12. f5 b5 13. Bxb5 d5 14. Qc2 d4 15. c4 Na5 16. Rf2 Rc8 17. h3 Bxe2 18. Qxe2 Nb3 19. Rb1 Nxc1 20. Rxc1 Nf4 21. Qf3 Qg5 22. Rcf1 Ra8 23. c5 Ra5 24. Bc4 Rxc5 25. Kh2 b5 26. Bb3 Rb8 27. g3 b4 28. gxf4 Qe7 29. a4 Qd6 30. Qg3 Qc6 31. Rg2 Qf6 32. Rfg1 1-0

[Event "Netanya Open 2019"]
[Site "Netanya"]
[Date "2019.06.26"]
[Round "4.67"]
[White "Khairova, Evelina"]
[Black "Segev, Ido"]
[Result "0-1"]
[WhiteElo "1501"]
[BlackElo "1382"]
[PlyCount "102"]
[EventDate "2019.06.23"]
[EventType "swiss"]
[EventRounds "9"]
[EventCountry "ISR"]
[TimeControl "40/5400+30:1800+30"]

1. e4 c5 2. Nf3 Nc6 3. d4 cxd4 4. Nxd4 d6 5. Be2 Nf6 6. Nc3 e5 7. Nxc6 bxc6 8. O-O a6 9. Bg5 Be7 10. Qd3 h6 11. Bh4 Bg4 12. Rfd1 Bxe2 13. Nxe2 g5 14. Bg3 h5 15. h4 g4 16. Nc3 Nd7 17. Qc4 Qc7 18. Nd5 Qb7 19. Nxe7 Kxe7 20. Rab1 Nf6 21. Qd3 Rad8 22. f3 Qb5 23. fxg4 Qxd3 24. cxd3 Nxg4 25. Rbc1 Rb8 26. b3 Rbc8 27. Rc3 d5 28. exd5 cxd5 29. Rxc8 Rxc8 30. Re1 f6 31. d4 e4 32. Bf4 Rc2 33. Ra1 e3 34. Re1 e2 35. Ra1 Rxa2 36. Rb1 Rb2 37. Re1 Kd7 38. g3 Ke6 39. Kg2 Kf5 40. Kf3 a5 41. Rxe2 Rxb3+ 42. Kg2 a4 43. Ra2 a3 44. Bd6 Rb2+ 45. Rxb2 axb2 46. Kf3 b1=Q 47. Ke2 Qc2+ 48. Ke1 Ke4 49. Bf4 Kd3 50. Bd2 Qxd2+ 51. Kf1 Qf2# 0-1

[Event "Netanya Open 2019"]
[Site "Netanya"]
[Date "2019.06.26"]
[Round "4.68"]
[White "Fudim, Basya"]
[Black "Marques, Don"]
[Result "1-0"]
[WhiteElo "1332"]
[BlackElo "1179"]
[PlyCount "87"]
[EventDate "2019.06.23"]
[EventType "swiss"]
[EventRounds "9"]
[EventCountry "ISR"]
[TimeControl "40/5400+30:1800+30"]

1. d4 d5 2. Bf4 f6 3. Nf3 Nc6 4. Nbd2 Bf5 5. c3 b5 6. e3 a6 7. Be2 h6 8. Nh4 Bh7 9. Bh5+ Kd7 10. Bg3 e6 11. O-O Nge7 12. Re1 g5 13. Nhf3 Bd3 14. Nb3 Be4 15. Nc5+ Kc8 16. Nxe6 Qd7 17. Nxc7 Ra7 18. Ne8 Qe6 19. Nd6+ Kd7 20. Bf7 Qg4 21. h3 Bxf3 22. gxf3 Qxg3+ 23. fxg3 Kxd6 24. e4 dxe4 25. fxe4 Nd8 26. e5+ Kc7 27. Bb3 f5 28. d5 Nc8 29. a4 Bc5+ 30. Kg2 b4 31. cxb4 Bxb4 32. Re2 a5 33. Rc1+ Kb8 34. Rec2 Nb6 35. d6 Rhh7 36. e6 Nb7 37. e7 Nxd6 38. e8=Q+ Nxe8 39. Qd8+ Kb7 40. Qxe8 Ka6 41. Qb5+ Kb7 42. Bd5+ Kb8 43. Qxb6+ Rab7 44. Rc8# 1-0

[Event "Netanya Open 2019"]
[Site "Netanya"]
[Date "2019.06.26"]
[Round "4.69"]
[White "Ben Hemo, Guy"]
[Black "Baran, Yulia"]
[Result "1/2-1/2"]
[WhiteElo "1453"]
[BlackElo "1344"]
[PlyCount "66"]
[EventDate "2019.06.23"]
[EventType "swiss"]
[EventRounds "9"]
[EventCountry "ISR"]
[TimeControl "40/5400+30:1800+30"]

1. e4 e5 2. Nf3 d6 3. Bc4 Be7 4. Nc3 Nf6 5. d4 exd4 6. Nxd4 Bd7 7. f3 Nc6 8. Be3 O-O 9. Qd2 h6 10. O-O-O a6 11. Nxc6 Bxc6 12. g4 Nh7 13. Nd5 Re8 14. Nxe7+ Qxe7 15. h4 Kf8 16. g5 h5 17. Rdg1 g6 18. Qc3 Kg8 19. Bd4 Rad8 20. Bd5 Bxd5 21. exd5 Rf8 22. Re1 Qd7 23. Re3 Rde8 24. Rhe1 Rxe3 25. Qxe3 f6 26. Qe7 Qxe7 27. Rxe7 Rf7 28. Re6 fxg5 29. Rxg6+ Kf8 30. hxg5 Rxf3 31. Kd2 Rf5 32. Rh6 Nxg5 33. c4 Nf3+ 1/2-1/2